AoeStats
← Rambao

Pilgrims

507765750Analyzed
4v4 RM · 14d ago on Sep 19, 2026· 50m 45s· 8 players
Game mode
Random Map
Map size
Large (8 player)
Population
200
Speed
Normal
Resources
Standard
Victory
Conquest
Starting age
Dark Age
Ending age
Imperial Age
RankedLock teamsTeams togetherTeam positionsShared explorationLock speedFull tech treeHidden civsTurbo modeCheats
Victory
Defeat
🇮🇳 Armenians · India
697
+7
🇮🇳 Britons · India
690
+8
🇮🇳 Bulgarians · India
679
+8
🇮🇳 Romans · India
659
+8
🇦🇷 Khmer · Argentina
559
-9
🇵🇪 Inca · Peru
509
-9
🇦🇷 Spanish · Argentina
440
-7
🇺🇸 Spanish · United States
430
-6
Raql501
16:37 Feudal Age
17:58 Fishing Lines
23:44 Castle Age
21:51 Horse Collar
22:01 Double-Bit Axe
22:11 Gold Mining
22:16 Stone Mining
25:18 Bow Saw
26:00 Medium Warships
29:01 Gillnets
33:47 Scale Mail Armor
33:57 Forging
33:38 Fletching
37:37 Heavy Plow
45:32 Demolition Ship
christopherpark5588
3:17 Loom
16:32 Feudal Age
19:53 Double-Bit Axe
22:36 Stone Mining
22:44 Gold Mining
23:32 Fishing Lines
28:03 Castle Age
26:44 Scale Mail Armor
26:42 Fletching
26:52 Padded Archer Armor
27:19 Padded Archer Armor
27:56 Scale Barding Armor
29:20 Medium Warships
31:31 Bloodlines
34:01 Gillnets
35:44 Forging
35:51 Leather Archer Armor
36:01 Light Cavalry
41:03 Husbandry
41:50 Chain Mail Armor
41:30 Bodkin Arrow
45:48 Caravan
50:53 Thumb Ring
COBY
3:53 Loom
12:31 Feudal Age
13:53 Wheelbarrow
13:29 Fishing Lines
17:13 Double-Bit Axe
18:09 Stone Mining
18:10 Gold Mining
18:47 Town Watch
22:17 Castle Age
20:18 Arson
20:06 Man-at-Arms
23:27 Squires
23:16 Gambesons
22:55 Long Swordsman
25:26 Fervor
26:47 Husbandry
26:58 Bloodlines
29:05 Hand Cart
29:17 Pikeman
Dixielandy
7:49 Loom
16:23 Feudal Age
17:49 Wheelbarrow
17:06 Double-Bit Axe
19:58 Man-at-Arms
28:17 Castle Age
27:07 Horse Collar
29:05 Husbandry
32:56 Tusk Swords
35:25 Pikeman
ThunderThumsUp
3:52 Loom
14:32 Feudal Age
16:50 Double-Bit Axe
16:52 Horse Collar
21:07 Forging
20:57 Scale Mail Armor
21:03 Scale Barding Armor
25:03 Castle Age
24:55 Gold Mining
25:03 Stone Mining
25:06 Arson
25:52 Squires
27:44 Chain Barding Armor
27:39 Chain Mail Armor
28:00 Iron Casting
27:47 Husbandry
28:01 Gambesons
37:54 Bloodlines
41:30 Stirrups
45:27 Murder Holes
51:21 Imperial Age
HIMMY SIDEYE BUCKETS
9:53 Loom
11:39 Feudal Age
13:02 Man-at-Arms
15:41 Double-Bit Axe
15:41 Horse Collar
17:49 Fishing Lines
19:20 Wheelbarrow
21:57 Forging
21:48 Scale Mail Armor
23:54 Castle Age
24:50 Medium Warships
26:23 Iron Casting
26:04 Chain Mail Armor
25:52 Squires
26:54 Gillnets
28:33 Long Swordsman
32:42 Hand Cart
32:13 Town Watch
32:19 Gold Mining
32:20 Stone Mining
35:10 Gold Shaft Mining
36:00 Town Patrol
36:43 Bow Saw
36:42 Heavy Plow
39:45 Imperial Age
37:38 Ballistics
37:37 Pikeman
39:37 Herbal Medicine
39:39 Murder Holes
40:29 Halberdier
40:30 Legionary
42:12 Blast Furnace
41:31 Siege Engineers
44:27 Conscription
44:30 Comitatenses
44:20 Ballistas
47:27 Fletching
49:00 Heavy Scorpion
RizzThin
10:35 Feudal Age
19:30 Horse Collar
20:24 Loom
20:26 Town Watch
22:09 Wheelbarrow
24:08 Castle Age
22:09 Fletching
22:21 Padded Archer Armor
24:25 Gold Mining
24:32 Stone Mining
25:04 Crossbowman
27:03 Double-Bit Axe
28:02 Bow Saw
29:28 Bodkin Arrow
36:03 Town Patrol
36:19 Hand Cart
38:25 Ballistics
38:24 Leather Archer Armor
38:23 Forging
38:13 Scale Mail Armor
37:38 Pikeman
38:19 Squires
38:04 Arson
43:48 Imperial Age
43:48 Treadmill Crane
45:49 Chemistry
44:59 Capped Ram
45:12 Arbalester
Rambao
7:54 Loom
13:24 Feudal Age
14:12 Double-Bit Axe
17:09 Gold Mining
17:05 Man-at-Arms
19:06 Scale Mail Armor
18:36 Long Swordsman
20:10 Horse Collar
20:44 Forging
25:27 Castle Age
26:01 Gambesons
26:04 Arson
27:04 Squires
27:20 Heavy Plow
27:21 Two-Handed Swordsman
33:03 Iron Casting
32:45 Chain Mail Armor
35:20 Pikeman
37:18 Wheelbarrow
37:48 Halberdier
48:08 Imperial Age
45:55 Hand Cart
Connection lost

Rejoining the realm…

Still unreachable

The connection could not be restored.

Session expired

The server has moved on; the page needs a fresh start.